AoeStats
← ndyer98

Arena

509975461Analyzed
2v2 RM · 2d ago on Sep 28, 2026· 59m 53s· 4 players
Game mode
Random Map
Map size
Medium (4 player)
Population
200
Speed
Normal
Resources
Standard
Victory
Conquest
Starting age
Dark Age
Ending age
Imperial Age
RankedLock teamsTeams togetherTeam positionsShared explorationLock speedFull tech treeHidden civsTurbo modeCheats
Victory
Defeat
🇩🇿 Khmer · Algeria
598
+11
🇵🇪 Britons · Peru
529
+13
🇺🇸 Cumans · United States
508
-13
🇺🇸 Wu · United States
454
-11
ndyer98
13:17 Feudal Age
14:35 Wheelbarrow
14:00 Double-Bit Axe
14:30 Horse Collar
22:55 Castle Age
20:55 Stone Mining
20:58 Gold Mining
24:21 Hand Cart
24:19 Bow Saw
26:52 Heavy Plow
27:31 Gold Shaft Mining
27:39 Caravan
30:17 Padded Archer Armor
30:08 Fletching
31:57 Stone Shaft Mining
31:43 Bodkin Arrow
32:04 Leather Archer Armor
35:14 Imperial Age
35:19 Scale Mail Armor
35:29 Forging
36:29 Conscription
35:40 Elite Fire Archer
37:22 Ballistics
37:15 Bracer
38:28 Chemistry
41:06 Two-Man Saw
41:18 Red Cliffs Tactics
45:07 Pikeman
45:47 Squires
50:52 Sitting Tiger
FreshlySqueezed
0:38 Loom
13:53 Feudal Age
15:22 Wheelbarrow
14:41 Double-Bit Axe
14:39 Horse Collar
18:37 Gold Mining
21:59 Castle Age
20:55 Stone Mining
20:55 Town Watch
29:00 Bow Saw
30:03 Ballistics
31:41 Hand Cart
31:50 Bloodlines
33:41 Town Patrol
39:17 Forging
39:13 Scale Barding Armor
38:36 Light Cavalry
44:00 Heavy Plow
46:43 Steppe Husbandry
48:21 Iron Casting
49:29 Gold Shaft Mining
jeffersonproel
10:58 Feudal Age
13:38 Double-Bit Axe
13:46 Gold Mining
13:47 Stone Mining
19:01 Horse Collar
20:42 Wheelbarrow
24:47 Castle Age
26:18 Pikeman
28:12 Hand Cart
29:19 Gold Shaft Mining
35:17 Imperial Age
34:48 Ballistics
37:07 Halberdier
37:33 Gambesons
38:06 Caravan
37:59 Town Watch
38:26 Elite Longbowman
39:30 Squires
39:15 Arson
39:39 Scale Mail Armor
39:39 Padded Archer Armor
39:52 Forging
39:32 Fletching
41:17 Bow Saw
41:11 Heavy Plow
42:12 Town Patrol
48:40 Conscription
49:45 Coinage
51:32 Chain Mail Armor
51:33 Leather Archer Armor
51:13 Bodkin Arrow
51:53 Iron Casting
52:46 Man-at-Arms
54:05 Ring Archer Armor
57:10 Bracer
58:10 Blast Furnace
57:41 Plate Mail Armor
deva811
11:26 Feudal Age
11:52 Double-Bit Axe
11:50 Horse Collar
14:30 Forging
20:44 Castle Age
19:14 Gold Mining
20:00 Stone Mining
22:44 Bow Saw
23:43 Light Cavalry
24:34 Bloodlines
25:10 Stone Shaft Mining
26:16 Heavy Plow
26:55 Gold Shaft Mining
25:58 Crossbowman
29:18 Caravan
30:06 Wheelbarrow
31:15 Pikeman
35:43 Imperial Age
33:32 Hand Cart
35:24 Town Watch
37:24 Chemistry
36:35 Masonry
36:29 Hussar
37:10 Husbandry
40:36 Halberdier
41:35 Scale Mail Armor
44:38 Heavy Scorpion
45:27 Town Patrol
47:32 Elite Skirmisher
60:32 Iron Casting
60:02 Scale Barding Armor
59:58 Padded Archer Armor
59:49 Fletching
Connection lost

Rejoining the realm…

Still unreachable

The connection could not be restored.

Session expired

The server has moved on; the page needs a fresh start.